 Dungeon Crawl Stone Soup version 0.32-a0-893-gf85d74f360 (webtiles) character file.

Game seed: 10018445226289524208

18512 timneilson the Grappler (level 12, -6/81 HPs)
             Began as an Octopode Shapeshifter on Apr 3, 2024.
             Was an Initiate of Gozag.
             Mangled by a five-headed hydra (7 damage)
             ... on level 5 of the Lair of Beasts.
             The game lasted 00:29:30 (12432 turns).

timneilson the Grappler (Octopode Shapeshifter)    Turns: 12432, Time: 00:29:31

Health: -6/81      AC:  2    Str: 18    XL:     12   Next: 59%
Magic:  12/12      EV: 25    Int: 12    God:    Gozag
Gold:   1083       SH:  0    Dex: 12    Spells: 11/11 levels left

rFire   + .          .
                       - Unarmed
rCold   + . .        (shield currently unavailable)
rNeg    . . .        w - +1 hat {Stlth+}
rPois   +            (no amulet)
rElec   +            m - +5 ring of evasion
rCorr   +            z - ring of Emeusag {rPois SInv}
SInv    +            (no ring)
Will    .....        (no ring)
Stlth   +++          (no ring)
HPRegen 0.33/turn    (no ring)
MPRegen 0.13/turn    (no ring)
                     (no ring)

%: no passive effects
@: mighty, flux-form, resistant, glowing
A: glow, contaminating, almost no armour, amphibious, 8 rings, camouflage 1,
gelatinous body 1, (nimble swimmer 1), tentacles
a: Begin Untransformation, Renounce Religion, Potion Petition, Call Merchant,
Bribe Branch


You were on level 5 of the Lair of Beasts.
You worshipped Gozag.
Gozag was most pleased with you.
You were something dangerously unstable.
You visited 3 branches of the dungeon, and saw 15 of its levels.

You collected 2012 gold pieces.
You spent 82 gold pieces at shops.
You paid 847 gold pieces to Gozag.

Inventory:

Missiles
 p - 14 poisoned darts (quivered)
 y - a throwing net
Armour
 w - a +1 hat of stealth (worn)
Jewellery
 f - a ring of magical power
 m - a +5 ring of evasion (left tentacle)
 z - the ring of Emeusag (right tentacle) {rPois SInv}
   (You acquired it on level 1 of the Lair of Beasts)

   [ring of see invisible]

   rPois:     It protects you from poison.
   SInv:      It lets you see invisible.
 D - a ring of see invisible
Talismans
 b - a beast talisman
 c - a flux talisman (active)
Wands
 v - a wand of roots (13)
 A - a wand of digging (7)
 C - a wand of flame (8)
Scrolls
 e - 6 scrolls of teleportation
 g - 3 scrolls of enchant armour
 k - 3 scrolls of enchant weapon
 x - a scroll of immolation
 B - a scroll of brand weapon
Potions
 a - a potion of lignification
 d - 6 potions of curing
 j - 2 potions of might
 l - a potion of attraction
 n - a potion of ambrosia
 o - a potion of enlightenment
 q - 3 potions of haste
 r - 2 potions of mutation
 s - a potion of heal wounds
 t - a potion of magic
 u - a potion of brilliance


   Skills:
 + Level 7.3 Fighting
 * Level 10.2 Dodging
 + Level 9.8 Stealth
 * Level 10.5 Unarmed Combat
 + Level 5.3 Evocations
 * Level 9.7 Shapeshifting


You had 11 spell levels left.
You didn't know any spells.
Your spell library contained the following spells:

 Spells                   Type           Power      Damage    Failure   Level
 Apportation              Tloc           0%         N/A       32%         1
 Blink                    Tloc           0%         N/A       45%         2
 Jinxbite                 Hex            0%         N/A       45%         2
 Lesser Beckoning         Tloc           0%         N/A       45%         2
 Momentum Strike          Conj/Tloc      0%         3d8       45%         2
 Maxwell's Portable Pile  Tloc           0%         2d(5-13)  69%         3
 Teleport Other           Tloc           0%         N/A       69%         3
 Alistair's Intoxication  Alch           0%         N/A       100%        5
 Summon Forest            Summ/Tloc      0%         N/A       100%        5
 Yara's Violent Unravell  Hex/Alch       0%         3d3       100%        5
 Eringya's Noxious Bog    Alch           0%         4d6       100%        6
 Enfeeble                 Hex            0%         N/A       100%        7
 Malign Gateway           Summ/Tloc      0%         N/A       100%        7
 Summon Hydra             Summ           0%         N/A       100%        7
 Summon Horrible Things   Summ           0%         N/A       100%        8


Dungeon Overview and Level Annotations

Branches:
Dungeon (10/15)            Temple (1/1) D:5            Lair (3/5) D:8
    Orc (0/2) D:9
  Swamp: Lair:2-3    Shoals: Lair:2-3     Snake: Lair:2-3    Spider: Lair:2-3

Altars:
Ashenzari
Cheibriados
Dithmenos
Elyvilon
Fedhas
Gozag
Hepliaklqana
Kikubaaqudgha
Makhleb
Nemelex Xobeh
Okawaru
Qazlal
Ru
Sif Muna
Trog
Uskayaw
Vehumet
Wu Jian
Xom
Yredelemnul
Zin
The Shining One

Shops:
D:4 *   D:5 ::(?!   Lair:1 *


Innate Abilities, Weirdness & Mutations

You are something dangerously unstable.
You glow with magical radiation, making you easy to see and hit.
Foes you strike become dangerously contaminated with magical radiation.
You are incapable of wielding weapons or throwing items.
You cannot wear most types of armour.
You are amphibious.
You can wear up to eight rings at the same time.
Your skin changes colour to match your surroundings (Stealth+).
Your rubbery body absorbs attacks. (AC +1, EV +1)
((You are camouflaged when in or above water. (Stealth+)))
You have tentacles for arms and can constrict up to eight enemies at once.


Message History

The five-headed hydra glows dangerously bright.
The five-headed hydra is lightly wounded.
You bludgeon the five-headed hydra!
The five-headed hydra shudders as magic cascades through it!!
The five-headed hydra twists and deforms.
The five-headed hydra is severely wounded.
The five-headed hydra misses you.
The five-headed hydra completely misses you.
The five-headed hydra misses you.
The five-headed hydra closely misses you.
The five-headed hydra barely misses you.
You feel protected. The five-headed hydra bites you.
The five-headed hydra completely misses you.
The five-headed hydra barely misses you.
The five-headed hydra misses you. The five-headed hydra bites you.
You closely miss the rime drake. The rime drake misses you.
The five-headed hydra closely misses you.
The five-headed hydra misses you. The five-headed hydra bites you. x2
The five-headed hydra completely misses you.
You tentacle-slap the five-headed hydra.
The five-headed hydra begins to glow.
You squeeze the five-headed hydra!
The five-headed hydra is severely wounded.
The rime drake bites you. The five-headed hydra bites you!
* * * LOW HITPOINT WARNING * * *
The five-headed hydra barely misses you.
The five-headed hydra completely misses you.
The five-headed hydra closely misses you.
The five-headed hydra barely misses you.
You bludgeon the five-headed hydra!
The five-headed hydra glows dangerously bright.
You squeeze the five-headed hydra.
The five-headed hydra is almost dead.
The rime drake completely misses you. The five-headed hydra bites you.
* * * LOW HITPOINT WARNING * * *
The five-headed hydra bites you!
* * * LOW HITPOINT WARNING * * *
The five-headed hydra bites you!
You die...
Your body crumbles into a pile of gold.

............. #.# #..........#
##... #.....$#$# #.... #......##
#.... ....#....# #...# .
#.#D.### ###..## ...#....#
#....# ....##...## ### #...P#
............###p### #####...##
.......P##...#D#k.###.##.....##
..........#........#.##.......##
........P♣.....................#
......♣♣♣♣♣♣♣..........###....
.....♣ ♣♣........##.###.. ..♣
♣♣♣♣.......## .. ♣♣ ♣♣.......#
.# ♣♣.....P#


You could see a five-headed hydra (heavy contam, misshapen) and a rime drake.

Vanquished Creatures
  Gastronok (D:8)
  Snorg (Lair:5)
  A catoblepas (Lair:2)
  A two-headed ogre (D:10)
  A boulder beetle (Lair:1)
  A black mamba (Lair:2)
  4 cane toads
  2 rime drakes (Lair:1)
  An unseen horror (D:7)
  3 komodo dragons
  3 trolls (D:9)
  A hornet (Lair:5)
  Prince Ribbit (D:7)
  7 blink frogs
  12 yaks
  A basilisk (Lair:1)
  4 wyverns
  Edmund (D:5)
  11 water moccasins
  An ice beast (D:6)
  A sky beast (D:6)
  2 black bears
  4 orc warriors
  2 centaurs
  2 ogres (D:5)
  26 wolves
  3 phantoms
  A kobold brigand (D:9)
  11 bullfrogs
  2 scorpions (D:5)
  3 wights (D:9)
  10 killer bees
  An electric eel (D:8)
  A bombardier beetle (D:5)
  2 hounds
  4 orc priests
  4 jellies
  2 gnoll boudas
  6 sleepcaps
  An iguana (D:5)
  6 orc wizards
  7 gnolls
  11 adders
  A white imp (D:5)
  2 ufetubi (D:6)
  A ribbon worm (D:3)
  4 dart slugs
  36 orcs
  6 ball pythons
  12 bats
  7 endoplasms
  5 goblins
  11 hobgoblins
  4 jackals (D:1)
  4 quokkas
  A frilled lizard (D:2)
  12 kobolds
  6 rats
282 creatures vanquished.

Notes
Turn   | Place    | Note
-------+----------+-------------------------------------------
     0 | D:1      | timneilson the Octopode Shapeshifter began the quest for
                  | the Orb.
     0 | D:1      | Reached XP level 1. HP: 13/13 MP: 1/1
    45 | D:1      | Reached XP level 2. HP: 16/18 MP: 2/2
   330 | D:1      | Reached skill level 1 in Stealth
   349 | D:1      | Reached XP level 3. HP: 17/23 MP: 3/3
   831 | D:2      | Reached XP level 4. HP: 24/28 MP: 4/4
  1496 | D:3      | Reached XP level 5. HP: 29/33 MP: 5/5
  1652 | D:3      | Found a broken altar of Ashenzari.
  2257 | D:4      | Found Rulalin's General Store.
  2361 | D:4      | Reached XP level 6. HP: 33/39 MP: 6/6
  2393 | D:4      | Found a glowing golden altar of the Shining One.
  2480 | D:5      | Entered Level 5 of the Dungeon
  2690 | D:5      | Reached XP level 7. HP: 32/45 MP: 7/7
  3167 | D:5      | Found a staircase to the Ecumenical Temple.
  3176 | Temple   | Entered the Ecumenical Temple
  3245 | Temple   | Became a worshipper of Gozag Ym Sagoz the Greedy
  3322 | D:5      | Found Paggoh's Distillery.
  3328 | D:5      | Bought a potion of heal wounds for 50 gold pieces
  3345 | D:5      | Reached skill level 5 in Unarmed Combat
  3464 | D:5      | Reached skill level 5 in Shapeshifting
  3609 | D:5      | Found Xiet's Book Boutique.
  3610 | D:5      | Found Lusty's Book Shoppe.
  3610 | D:5      | Found Qusmo's Weapon Emporium.
  3611 | D:5      | Found Miczain's Magic Scroll Shoppe.
  3653 | D:5      | Identified the +6 falchion of Spite {flame, ^Contam Will-
                  | Dex+8 Stlth+}
  3711 | D:5      | Found a shimmering blue altar of Sif Muna.
  3720 | D:5      | Found a radiant altar of Vehumet.
  3803 | D:5      | Reached XP level 8. HP: 20/52 MP: 8/8
  3965 | D:5      | Noticed Edmund
  3974 | D:5      | Killed Edmund
  3975 | D:5      | Reached skill level 5 in Dodging
  4789 | D:6      | Reached skill level 5 in Stealth
  4994 | D:7      | Noticed a wyvern
  5034 | D:7      | Noticed a wyvern
  5042 | D:7      | Killed a wyvern
  5043 | D:7      | Reached XP level 9. HP: 46/58 MP: 9/9
  5161 | D:7      | Noticed Prince Ribbit
  5170 | D:7      | Killed Prince Ribbit
  5324 | D:7      | Killed an unseen horror
  6238 | D:8      | Found a staircase to the Lair.
  6614 | D:8      | Reached XP level 10. HP: 65/65 MP: 10/10
  6692 | D:8      | Noticed Gastronok
  6719 | D:8      | Killed Gastronok
  6720 | D:8      | Reached skill level 5 in Fighting
  6720 | D:8      | Reached skill level 1 in Evocations
  7715 | D:9      | Found a staircase to the Orcish Mines.
  8031 | D:9      | Found a white marble altar of Elyvilon.
  8137 | D:10     | Entered Level 10 of the Dungeon
  8212 | D:10     | Noticed a two-headed ogre
  8223 | D:10     | Killed a two-headed ogre
  8224 | D:10     | Reached XP level 11. HP: 47/72 MP: 11/11
  8326 | D:10     | Noticed a two-headed ogre
  8423 | Lair:1   | Entered Level 1 of the Lair of Beasts
  8558 | Lair:1   | Noticed a boulder beetle
  8603 | Lair:1   | Killed a boulder beetle
 10286 | Lair:1   | Identified a scroll of acquirement
 10286 | Lair:1   | Acquired the ring of Emeusag {rPois SInv}
 10331 | Lair:1   | Bought a scroll labelled CITHITEHAM for 32 gold pieces
 10336 | Lair:2   | Noticed a catoblepas
 10700 | Lair:2   | Reached XP level 12. HP: 41/80 MP: 12/12
 10852 | Lair:2   | Killed a catoblepas
 10957 | Lair:2   | Reached skill level 10 in Unarmed Combat
 11678 | Lair:2   | Reached skill level 10 in Dodging
 11917 | Lair:2   | Reached skill level 5 in Evocations
 12039 | Lair:3   | You fall into a shaft and drop 2 floors!
 12039 | Lair:5   | Entered Level 5 of the Lair of Beasts
 12039 | Lair:5   | Noticed Snorg
 12056 | Lair:5   | Killed Snorg
 12117 | Lair:5   | Noticed a skyshark
 12412 | Lair:5   | Noticed a five-headed hydra
 12432 | Lair:5   | HP: 1/81 [five-headed hydra (11)]
 12432 | Lair:5   | Mangled by a five-headed hydra

Illustrated notes

Levels and vault maps discovered:
D:1:      giann_horns, layout_rooms, hangedman_decor_points
D:2:      layout_rooms, kennysheep_small_spiral, chequers_serial_rivers_small_a,
          minmay_snake_closets
D:3:      layout_basic, old_standard_altar, kennysheep_generic_room_13
D:4:      layout_rooms, mainiacjoe_overflow_small_starburst, serial_shops,
          nicolae_shop_crystal
D:5:      layout_loops_ring, mainiacjoe_overflow_swirl,
          minmay_temple_entry_slanted, serial_shops, shop, serial_bayou,
          serial_bayou_pond_a, serial_bayou_lake_a, serial_bayou_crossing,
          serial_bayou_shore_a, supply_closet_lemuel, nicolae_wooded_promenade,
          uniq_edmund
D:6:      layout_gridville, minmay_door_square
D:7:      layout_loops_corners, hangedman_decor_push, hangedman_decor_opposing,
          uniq_prince_ribbit1
D:8:      layout_rooms, lair_entry_dummy, roderic_batcave, serial_bayou_ford_a,
          uniq_gastronok
D:9:      layout_roguey, nicolae_elyvilon_temple_path, orc_0_dummy
D:10:     layout_roguey, special_room [special_room_orc], serial_curves,
          eino_curves_02, eino_curves_01, eino_curves_04
Temple:   minmay_temple_bridge_d
Lair:1:   layout_hall_layers, portal_ice_cave_rime,
          nicolae_quartered_pool_impasse
Lair:2:   layout_roguey, grunt_megastairs_2
Lair:3:   layout_chaotic_city, minmay_shoals_entry_centaurs,
          nicolae_snake_entry_warm_welcome, infiniplex_staircase_pool,
          uniq_fannar
Lair:5:   minmay_lair_end_enchanted_forest, layout_cave_pods,
          nicolae_slime_entry_field_trip, lemuel_fruit_fields,
          grunt_megastairs_3, uniq_snorg

Skill      XL: |  1  2  3  4  5  6  7  8  9 10 11 12 |
---------------+-------------------------------------+-----
Stealth        | 1 2 4 5 6 7 9 |  9.8
Dodging        | 3 4 5 7 8 9 10 | 10.2
Unarmed Combat | 4 5 6 7 8 9 10 | 10.5
Fighting       | 2 3 4 5 6 7 |  7.3
Shapeshifting  | 4 5 6 7 8 9 |  9.7
Evocations     | 2 4 5 |  5.3

Action                     |  1- 3 |  4- 6 |  7- 9 | 10-12 || total
---------------------------+-------+-------+-------+-------++-------
  Melee: Unarmed           |    51 |    98 |   207 |   471 ||   827
         Constrict         |    16 |    27 |    47 |    91 ||   181
         Tentacles         |    11 |    22 |    61 |   153 ||   247
         Punch             |     1 |     1 |    11 |       ||    13
  Throw: Dart              |       |     6 |       |       ||     6
 Invoke: Call Merchant     |       |       |       |     1 ||     1
    Use: Scroll            |     3 |    10 |     4 |     6 ||    23
         Potion            |       |       |     4 |     5 ||     9
   Stab: Sleeping          |     3 |     7 |    10 |     6 ||    26
         Distracted        |       |       |     3 |     5 ||     8
 Armour: Skin              |    22 |    35 |    78 |   151 ||   286
  Dodge: Dodged            |    38 |    48 |   119 |   506 ||   711
   Form: Flux              |       |       |       |     1 ||     1

Table legend: (Time is in decaauts)
 A = Elapsed time spent in this place.
 B = Non-inter-level travel time spent in this place.
 C = Inter-level travel time spent in this place.
 D = Time resting spent in this place.
 E = Time spent auto-exploring this place.
 F = Levels seen in this place.
 G = Mean time per level.
                   A        B        C        D        E       F      G
               +--------+--------+--------+--------+--------+-----+--------+
         Total |  12336 |  11787 |    549 |   2180 |   6710 |  15 |  822.4 |
       Dungeon |   8494 |   8194 |    300 |   1031 |   5260 |  10 |  849.4 |
        Temple |    138 |      5 |    133 |      0 |      0 |   1 |  138.0 |
          Lair |   3703 |   3587 |    116 |   1149 |   1450 |   4 |  925.8 |
               +--------+--------+--------+--------+--------+-----+--------+

Top non-repeatable levels by time:
  Lair:1: 1964 daAuts
     D:5: 1635 daAuts
     D:7: 1366 daAuts
  Lair:2: 1339 daAuts
     D:8: 1157 daAuts
     D:9: 936 daAuts
     D:2: 782 daAuts
     D:6: 703 daAuts
     D:1: 673 daAuts
     D:3: 615 daAuts
     D:4: 398 daAuts
  Lair:5: 392 daAuts
    D:10: 222 daAuts
  Temple: 138 daAuts
  Lair:3: 7 daAuts
